 Dungeon Crawl Stone Soup version 0.31.0-12-g77e489cdc1 (webtiles) character file.

Game seed: 17681755487371976199

307 Gadfly the Trooper (level 6, -4/108 HPs)
             Began as an Oni Berserker on Feb 23, 2024.
             Was a Priest of Trog.
             Slain by a bullfrog (6 damage)
             ... in a sewer.
             The game lasted 00:03:34 (2840 turns).

Gadfly the Trooper (Oni Berserker)                  Turns: 2840, Time: 00:03:34

Health: -4/108     AC: 23    Str: 20 (22) XL:     6   Next: 40%
Magic:  6/6        EV:  1    Int:  5 (6)  God:    Trog [***...]
Gold:   242        SH:  0    Dex:  8 (10) Spells: 5/5 levels left

rFire   . . .        a - +0 mace
rCold   . . .        (no shield)
rNeg    . . .        b - melded +0 animal skin
rPois   +            (helmet currently unavailable)
rElec   .            m - melded +1 cloak
rCorr   .            (gloves unavailable)
SInv    .            (boots unavailable)
Will    ++...        (no amulet)
Stlth   +            (no ring)
HPRegen 1.38/turn    (no ring)
MPRegen 0.10/turn

%: clarity
@: tree-form, strong-willed, regenerating
A: stationary, stasis, torment immunity, boosted hp, large, unfitting armour,
(horns 1), (tough skin 1), double potion healing, drunken brawling, clarity,
dopey 1, robust 1
a: Renounce Religion, Berserk, Trog's Hand


You were in a sewer.
You worshipped Trog.
Trog was most pleased with you.
You were a tree.
You visited 1 branch of the dungeon, and saw 4 of its levels.
You also visited: Sewer.

You collected 242 gold pieces.

Inventory:

Hand Weapons
 a - a +0 mace (weapon)
Armour
 b - a +0 animal skin (melded)
 m - a +1 cloak (melded)
Scrolls
 d - a scroll of immolation {unknown}
 e - a scroll of summoning {unknown}
 i - a scroll of teleportation {unknown}
 j - a scroll of enchant weapon {unknown}
 l - a scroll of revelation
 o - a scroll of fear {unknown}
 p - a scroll of fog {unknown}
 q - a scroll of acquirement {unknown}
Potions
 c - a potion of lignification
 f - 2 potions of might
 g - 2 potions of degeneration
 n - a potion of invisibility


   Skills:
 + Level 5.1 Fighting
 * Level 4.4 Maces & Flails
 * Level 2.7 Armour
 - Level 2.6 Dodging
 * Level 2.5 Evocations


You had 5 spell levels left.
You didn't know any spells.
Your spell library was empty.

Dungeon Overview and Level Annotations

Branches:
Dungeon (4/15)              Sewer (1/1)
 Temple: D:4-7

Altars:
Makhleb
Vehumet

Shops:
D:4 [(


Innate Abilities, Weirdness & Mutations

You are a tree.
Your roots penetrate the ground, keeping you stationary.
You cannot be teleported.
You are immune to unholy pain and torment.
Your maximum health is greatly increased.
Your equipment is partially melded.
You are too large for most types of armour.
((You have a pair of small horns on your head.))
((You have tough skin. (AC +1)))
You gain doubled healing and magic from potions.
Whenever you drink a healing potion, you attack all around you.
You possess an exceptional clarity of mind.
You are dopey. (Int -2)
You are robust. (+10% HP)


Message History

Trog accepts your kill.
The ball python bites you but does no damage.
The frilled lizard bites you but does no damage.
The bullfrog hits you.
* * * LOW HITPOINT WARNING * * *
The frilled lizard bites you but does no damage.
The ball python bites you but does no damage. x2
The frilled lizard bites you but does no damage.
You feel your intelligence returning.
You hit the bullfrog.
The bullfrog is moderately wounded.
Your enlightenment fades.
The bullfrog hits you but does no damage.
The ball python bites you.
* * * LOW HITPOINT WARNING * * *
The bullfrog hits you but does no damage.
The ball python bites you but does no damage.
The frilled lizard bites you but does no damage. x2
You closely miss the bullfrog.
The bullfrog is moderately wounded.
The bullfrog hits you but does no damage.
The ball python bites you but does no damage. x2
The frilled lizard bites you.
* * * LOW HITPOINT WARNING * * *
The bullfrog hits you but does no damage.
The frilled lizard bites you but does no damage.
The ball python completely misses you.
The ball python bites you but does no damage.
You miss the bullfrog.
The bullfrog is moderately wounded.
The bullfrog hits you.
* * * LOW HITPOINT WARNING * * *
The frilled lizard bites you but does no damage. x2
The ball python bites you but does no damage. x2
The bullfrog hits you but does no damage.
You hit the ball python.
You kill the ball python!
Trog accepts your kill. The bullfrog hits you.
You die...

###################
###.#≈~≈≈≈≈~~≈~≈≈≈≈≈.
##....~≈~~~≈~..~#≈≈≈≈~
#.....~~~~†~≈~≈≈~~~~~~
#....l~~~~~~~≈≈~≈~~~#~
##...lSF≈~~~≈≈≈≈≈~~~≈~.
#....l♣≈≈≈≈≈≈≈≈≈≈≈≈≈≈~#
#....##################
##...#### #....#..#
#....'..# #..†#####
##...##
#...†##################
#......~≈~~~≈≈≈≈≈≈~≈~~#


You could see a bullfrog, a ball python and 3 frilled lizards.

Vanquished Creatures
  Pargi (D:4)
  A bullfrog (Sewer)
  4 adders
  2 river rats (Sewer)
  18 ball pythons
  10 endoplasms
  2 giant cockroaches
  10 hobgoblins
  2 quokkas
  5 bats
  6 frilled lizards
  2 goblins (D:1)
  5 kobolds
  33 rats
101 creatures vanquished.

Notes
Turn   | Place    | Note
-------+----------+-------------------------------------------
     0 | D:1      | Gadfly the Oni Berserker began the quest for the Orb.
     0 | D:1      | Reached XP level 1. HP: 24/24 MP: 1/1
   172 | D:1      | Reached XP level 2. HP: 32/32 MP: 2/2
   800 | D:2      | Reached ** piety under Trog
   801 | D:2      | Reached skill level 1 in Armour
   944 | D:2      | Reached skill level 1 in Evocations
   944 | D:2      | Reached XP level 3. HP: 33/39 MP: 3/3
  1198 | D:2      | Found a radiant altar of Vehumet.
  1612 | D:3      | Reached XP level 4. HP: 49/49 MP: 4/4
  1889 | D:3      | Found a burning altar of Makhleb.
  2231 | D:4      | Found Xeroduf's Weapon Boutique.
  2254 | D:4      | Noticed Pargi
  2261 | D:4      | Killed Pargi
  2262 | D:4      | Reached XP level 5. HP: 55/55 MP: 5/5
  2300 | D:4      | Found Wecsiron's Antique Armour Boutique.
  2361 | D:4      | Found a glowing drain.
  2397 | Sewer    | Entered a sewer
  2457 | Sewer    | Reached *** piety under Trog
  2737 | Sewer    | Reached XP level 6. HP: 65/65 MP: 6/6
  2762 | Sewer    | Reached skill level 5 in Fighting
  2833 | Sewer    | HP: 3/99 [bullfrog (2)]
  2833 | Sewer    | HP: 1/99 [ball python (2)]
  2834 | Sewer    | Gained mutation: You are dopey. (Int -2) [potion of
                  | mutation]
  2834 | Sewer    | Gained mutation: You are robust. (+10% HP) [potion of
                  | mutation]
  2834 | Sewer    | Gained mutation: You possess an exceptional clarity of
                  | mind. [potion of mutation]
  2838 | Sewer    | HP: 4/108 [frilled lizard (1)]
  2839 | Sewer    | HP: 1/108 [bullfrog (5)]
  2840 | Sewer    | Slain by a bullfrog

Illustrated notes

Levels and vault maps discovered:
D:1:      dpeg_arrival_round_c, layout_rooms, minmay_split_cup_small
D:2:      layout_loops_cross, basic_altar, minmay_shallow_snake_nest
D:3:      layout_loops_ring, mainiacjoe_overflow_catwalk, st_stairs_9
D:4:      layout_basic, serial_shops, nicolae_shop_just_a_little_nook,
          shop_coins, shop, kennysheep_mini_moat, nicolae_shop_waterfront,
          portal_sewer_entry_b, uniq_pargi
Sewer:    sewer_minmay_w

Skill      XL: |  1  2  3  4  5  6 |
---------------+-------------------+-----
Armour         | 1 2 |  2.7
Evocations     | 1 2 |  2.5
Maces & Flails | 4 |  4.4
Fighting       | 5 |  5.1
Dodging        | |  2.6

Action                     |  1- 3 |  4- 6 || total
---------------------------+-------+-------++-------
  Melee: Mace              |    94 |   161 ||   255
         Headbutt          |    15 |    22 ||    37
         Punch             |       |     2 ||     2
 Invoke: Berserk           |       |     1 ||     1
         Trog's Hand       |       |     1 ||     1
    Use: Scroll            |     5 |     2 ||     7
         Potion            |     1 |     4 ||     5
 Armour: Animal skin       |    73 |   155 ||   228
         Skin              |       |    72 ||    72
  Dodge: Dodged            |    62 |   148 ||   210
